 Dungeon Crawl Stone Soup version 0.27-a0-65-gfb268537a3 (webtiles) character file.

Game seed: 13641678581831859621

61 hehateme the Bolt Thrower (level 4, -1/28 HPs)
             Began as a Kobold Hunter on Jan 8, 2021.
             Slain by a worm (9 damage)
             ... on level 2 of the Dungeon.
             The game lasted 00:02:00 (1427 turns).

hehateme the Bolt Thrower (Kobold Hunter)           Turns: 1427, Time: 00:02:00

Health: -1/28      AC:  3    Str: 10    XL:     4   Next: 27%
Magic:  4/4        EV: 14    Int: 12    God:
Gold:   95         SH:  0    Dex: 15    Spells: 3/3 levels left

rFire    . . .     SeeInvis .   b - +0 short sword
rCold    . . .     Faith    .   (shield restricted)
rNeg     . . .     Spirit   .   c - +0 leather armour
rPois    .         Reflect  .   (no helmet)
rElec    .         Harm     .   (no cloak)
rCorr    .         Rampage  .   (no gloves)
Will     .....                  (no boots)
Stlth    +++.......             (no amulet)
HPRegen  0.09/turn              (no ring)
MPRegen  0.09/turn              (no ring)

@: no status effects
A: small, nightstalker 3
a: no special abilities


You were on level 2 of the Dungeon.
You visited 1 branch of the dungeon, and saw 2 of its levels.

You collected 95 gold pieces.

Inventory:

Hand Weapons
 a - a +1 hand crossbow
 b - a +0 short sword (weapon)
Missiles
 f - 89 stones
 m - 42 sling bullets
Armour
 c - a +0 leather armour (worn)
Scrolls
 e - 6 scrolls of identify {unknown}
 g - a scroll of fear {unknown}
 h - a scroll of teleportation {unknown}
 j - a scroll of enchant armour {unknown}
 k - a scroll of magic mapping {unknown}
 n - a scroll of noise {unknown}
Potions
 d - a potion of curing {unknown}
 i - a potion of degeneration {unknown}
 l - 3 potions of haste {unknown}


   Skills:
 + Level 3.0 Fighting
 * Level 5.8 Crossbows
 + Level 1.2 Armour
 - Level 2.4 Dodging
 - Level 1.3 Stealth


You had 3 spell levels left.
You didn't know any spells.
Your spell library was empty.

Dungeon Overview and Level Annotations

Branches:
Dungeon (2/15)

Altars:

Annotations:
D:2 Sigmund


Innate Abilities, Weirdness & Mutations

You are small and have problems with some larger weapons.
You are completely attuned to the shadows.


Message History

You shoot a bolt. The bolt barely misses the worm.
The worm bites you!
* * * LOW HITPOINT WARNING * * *
You take 8 damage, and have 12/28 hp.
GAME OVER YEAH!!
Fire: 2 bolts
Aim: a worm (heavily wounded)
You shoot a bolt.
The bolt hits the worm but does no damage.
The worm bites you.
* * * LOW HITPOINT WARNING * * *
You take 6 damage, and have 6/28 hp.
GAME OVER YEAH!!
Fire: bolt
Aim: a worm (moderately wounded)
You shoot a bolt. The bolt hits the worm!
Unknown command.
b - a +0 short sword (weapon)
You hit the worm but do no damage. The worm bites you!
You die...

... ...### ...(.#
#.##### #.w.(.#
#####.########
#.#.#......#
#.#w#.####.#
#.#@#.#....## ..
#...........#.#
...#)..###.###.#.#
## #.#.....#.#...#.#
#.
#.....#.#.#.###.##
#.
###.#.#...#.#....#
#.
#.#.#[....#.##.#####
#.#.#...###.##......
#
#...#.......#######.

Skill      XL: |  1  2  3  4 |
---------------+-------------+-----
Crossbows      | 5 |  5.8
Armour         | 1 |  1.2
Fighting       | 3 |  3.0
Dodging        | |  2.4
Stealth        | |  1.3

Notes
Turn   | Place    | Note
-------+----------+-------------------------------------------
     0 | D:1      | hehateme the Kobold Hunter began the quest for the Orb.
     0 | D:1      | Reached XP level 1. HP: 12/12 MP: 1/1
   111 | D:1      | Reached skill level 5 in Crossbows
   203 | D:1      | Reached XP level 2. HP: 18/18 MP: 2/2
   557 | D:1      | Reached XP level 3. HP: 22/22 MP: 3/3
  1112 | D:2      | Reached skill level 1 in Armour
  1212 | D:2      | Reached XP level 4. HP: 27/27 MP: 4/4
  1241 | D:2      | Reached skill level 3 in Fighting
  1287 | D:2      | Noticed Sigmund
  1414 | D:2      | HP: 6/28 [worm (6)]
  1427 | D:2      | Slain by a worm

Table legend: (Time is in decaauts)
 A = Elapsed time spent in this place.
 B = Non-inter-level travel time spent in this place.
 C = Inter-level travel time spent in this place.
 D = Time resting spent in this place.
 E = Time spent auto-exploring this place.
 F = Levels seen in this place.
 G = Mean time per level.
                   A        B        C        D        E       F      G
               +--------+--------+--------+--------+--------+-----+--------+
         Total |   1444 |   1419 |     25 |      0 |   1265 |   2 |  722.0 |
       Dungeon |   1444 |   1419 |     25 |      0 |   1265 |   2 |  722.0 |
               +--------+--------+--------+--------+--------+-----+--------+

Top non-repeatable levels by time:
     D:1: 1089 daAuts
     D:2: 355 daAuts

Table legend:
 A = Kills in this place as a percentage of kills in entire the game.
 B = Kills by you in this place as a percentage of kills by you in the entire game.
 C = Kills by friends in this place as a percentage of kills by friends in the entire game.
 D = Other kills in this place as a percentage of other kills in the entire game.
 E = Experience gained in this place as a percentage of experience gained in the entire game.
 F = Experience gained in this place divided by the number of levels of this place that you have seen.
                   A       B       C       D       E      F
               +-------+-------+-------+-------+-------+----------------------
         Total | 100.0 | 100.0 |   N/A |   N/A | 100.0 |  44.0
       Dungeon | 100.0 | 100.0 |   N/A |   N/A | 100.0 |  44.0
               +-------+-------+-------+-------+-------+----------------------

Action                   |  1- 3 |  4- 6 || total
-------------------------+-------+-------++-------
Melee: Short sword       |       |     1 ||     1
 Fire: Hand crossbow     |    57 |    21 ||    78
Armor: Leather armour    |     2 |     4 ||     6
Dodge: Dodged            |    16 |     3 ||    19

Vanquished Creatures
  A hound skeleton (D:2)
  2 worms (D:2)
  3 dart slugs
  A leopard gecko (D:1)
  A ball python (D:1)
  2 bats (D:1)
  4 giant cockroaches
  2 goblins (D:1)
  6 hobgoblins
  3 frilled lizards
  7 kobolds
  4 rats (D:1)
36 creatures vanquished.

Vanquished Creatures (others)
  An adder (D:2)
  A bat (D:2)
  A kobold (D:2)
3 creatures vanquished.

Grand Total: 39 creatures vanquished You could see a worm.

Levels and vault maps discovered:
D:1:      dpeg_arrival_simpleton_b, layout_basic
D:2:      minmay_general_purpose_star, layout_basic, fiery_altar_vehumet,
          uniq_sigmund
